 Dungeon Crawl Stone Soup version 0.21-a0-29-g43b3074 (webtiles) character file.

15 blackwizard the Magician (level 2, -2/24 HPs)
             Began as a Troll Wizard on May 26, 2017.
             Slain by a gnoll
             ... wielding a +0 halberd
              (9 damage)
             ... on level 1 of the Dungeon.
             The game lasted 00:02:47 (468 turns).

blackwizard the Magician (Troll Wizard)              Turns: 468, Time: 00:02:47

Health: -2/24      AC:  5    Str: 14    XL:     2   Next: 34%
Magic:  4/4        EV: 10    Int: 14    God:
Gold:   25         SH:  0    Dex:  8    Spells: 4/5 levels left

rFire    . . .     SeeInvis .   (no weapon)
rCold    . . .     Gourm    +   (no shield)
rNeg     . . .     Faith    .   a - +0 robe
rPois    .         Spirit   .   b - +0 hat
rElec    .         Reflect  .   (no cloak)
rCorr    .         Harm     .   (gloves unavailable)
MR       .....                  (boots unavailable)
Stlth    +.........             (no amulet)
Regen    0.5/turn               (no ring)
MPRegen  0.1/turn               (no ring)

@: no status effects
A: unfitting armour, claws 3, fast metabolism 3, gourmand, regeneration 1,
shaggy fur 1, tough skin 2
a: no special abilities


You were on level 1 of the Dungeon.
You were very hungry.

You visited 1 branch of the dungeon, and saw 1 of its levels.

You collected 25 gold pieces.

Inventory:

Hand Weapons
 k - a +0 spear
Missiles
 f - 29 sling bullets
 h - 10 stones (quivered)
Armour
 a - a +0 robe (worn)
 b - a +0 hat (worn)
 j - a +1 ring mail of cold resistance
Scrolls
 e - a scroll of identify {unknown}
 m - a scroll of remove curse {unknown}
 o - a scroll of enchant armour {unknown}
Potions
 g - a potion of experience {unknown}
 i - a potion of mutation {unknown}
 n - a potion of lignification {unknown}
Books
 c - a book of Minor Magic

   Spells                             Type                      Level
   a - Magic Dart                     Conjuration                  1
   b - Blink                          Translocation                2
   c - Call Imp                       Summoning                    2
   d - Slow                           Hexes                        2
   e - Conjure Flame                  Conjuration/Fire             3
   f - Mephitic Cloud                 Conjuration/Poison/Air       3
Comestibles
 d - 3 bread rations


   Skills:
 + Level 1.9 Dodging
 + Level 1.1 Stealth
 + Level 2.2 Spellcasting
 + Level 0.6 Conjurations
   Level 0.6 Summonings
   Level 0.6 Translocations


You had 4 spell levels left.
You knew the following spells:

 Your Spells              Type           Power        Failure   Level  Hunger
a - Magic Dart            Conj           #...         19%         1    #......


Dungeon Overview and Level Annotations

Branches:
Dungeon (1/15)

Altars:


Innate Abilities, Weirdness & Mutations

You are too large for most types of armour.
You have claws for hands.
Your metabolism is lightning-fast.
You like to eat raw meat.
Your natural rate of healing is unusually fast.
You are covered in fur. (AC +1)
You have very tough skin. (AC +2)


Message History

The gnoll shouts!
Things that are here:
a kobold corpse; a leopard gecko corpse
Things that are here:
a kobold corpse; a leopard gecko corpse Butcher a leopard gecko corpse? [(y)es/(c)hoosy/(n)o/(a)ll/(e)dible/(q)uit/?]
Butcher a kobold corpse? [(y)es/(c)hoosy/(n)o/(a)ll/(e)dible/(q)uit/?]
You butcher the leopard gecko corpse.
The gnoll hits you from afar with a halberd!
You stop butchering the corpse.
Ouch! That really hurt!
There is a stone staircase leading down here.
The gnoll hits you from afar with a halberd.
The gnoll hits you from afar with a halberd!
* * * LOW HITPOINT WARNING * * *
The gnoll hits you from afar with a halberd.
* * * LOW HITPOINT WARNING * * *
All of the chunks of flesh in your inventory have rotted away.
The gnoll hits you from afar with a halberd!
You die...

## ######## #.
##......## #.
##........## #.
#.....@....# ##.
#..........# #..
#...g......# #.#
#..........# ###.#
#..........# ###....
##........#######.....#
##...................##
#..........######...###
#..........# #...#.# #


You could see a gnoll.

Vanquished Creatures
  A leopard gecko (D:1)
  2 bats (D:1)
  2 giant cockroaches (D:1)
  2 hobgoblins (D:1)
  2 frilled lizards (D:1)
  A kobold (D:1)
  4 rats (D:1)
14 creatures vanquished.

Notes
Turn   | Place    | Note
-------+----------+-------------------------------------------
     0 | D:1      | blackwizard the Troll Wizard began the quest for the Orb.
     0 | D:1      | Reached XP level 1. HP: 16/16 MP: 2/2
   323 | D:1      | Reached XP level 2. HP: 24/24 MP: 4/4
   468 | D:1      | Slain by a gnoll

Vault maps used:
D:1:      dpeg_arrival_snail, st_stairs_4

Action                   || total
-------------------------++-------
Melee: Unarmed           ||    46
Armor: Robe              ||    52
Dodge: Dodged            ||    65
